 Dungeon Crawl Stone Soup version 0.29-a0-1052-g6990b1bffc (webtiles) character file.

Game seed: 17259214113941429020

407 testman the Trooper (level 6, -15/53 HPs)
             Began as a Demonspawn Gladiator on Aug 17, 2022.
             Was a Believer of Ru.
             Demolished by an orc warrior
             ... wielding a +0 scimitar
              (17 damage)
             ... on level 3 of the Dungeon.
             The game lasted 00:12:27 (3005 turns).

testman the Trooper (Demonspawn Gladiator)          Turns: 3005, Time: 00:12:28

Health: -15/53     AC:  7    Str: 17    XL:     6   Next: 57%
Magic:  6/6        EV: 12    Int:  9    God:    Ru [**....]
Gold:   158        SH:  4    Dex: 14    Spells: 5/5 levels left

rFire   . . .      SeeInvis .   a - +0 trident
rCold   . . .      Faith    .   (shield unavailable)
rNeg    . . .      Spirit   .   p - +0 leather armour {Will+}
rPois   +          Reflect  .   c - +0 helmet
rElec   .          Harm     .   (no cloak)
rCorr   .          Rampage  .   q - +0 pair of gloves
Will    +....                   (no boots)
Stlth   +.........              (no amulet)
HPRegen 0.17/turn               (ring unavailable)
MPRegen 0.10/turn               m - ring of poison resistance

@: no status effects
A: yellow scales 1, missing a hand, condensation shield, weakness stinger 1,
hooves 1, deterioration 1, evolution 1
a: Renounce Religion


You were on level 3 of the Dungeon.
You worshipped Ru.
Ru was pleased with you.
You visited 1 branch of the dungeon, and saw 4 of its levels.

You collected 158 gold pieces.

Inventory:

Hand Weapons
 a - a +0 trident (weapon)
Missiles
 d - a throwing net (quivered)
 f - 8 poisoned darts
Armour
 c - a +0 helmet (worn)
 p - a +0 leather armour of willpower (worn)
 q - a +0 pair of gloves (worn)
Jewellery
 m - a ring of poison resistance (right hand)
Scrolls
 h - a scroll of fog {unknown}
 j - 2 scrolls of identify {unknown}
 k - a scroll of immolation {unknown}
 l - a scroll of fear {unknown}
 n - a scroll of magic mapping {unknown}
 s - 2 scrolls of teleportation {unknown}
 t - a scroll of torment {unknown}
Potions
 g - a potion of might
 o - a potion of mutation
 r - a potion of curing {unknown}


   Skills:
 + Level 6.8 Fighting
 - Level 3.0 Polearms
 - Level 1.7 Throwing
 - Level 3.0 Dodging


You had 5 spell levels left.
You didn't know any spells.
Your spell library contained the following spells:

 Spells                   Type           Power      Damage    Failure   Level
 Ozocubu's Armour         Ice            0%         N/A       83%         3
 Ozocubu's Refrigeration  Ice            0%         4d7       100%        7


Dungeon Overview and Level Annotations

Branches:
Dungeon (4/15)
 Temple: D:4-7

Altars:
Ru


Innate Abilities, Weirdness & Mutations

You are partially covered in yellow scales. (AC +2)
You are missing a hand.
A meltable shield of frost defends you. (SH +4)
You have a small tail.
You have large cloven feet.
Your body sometimes deteriorates upon taking damage.
You have hidden genetic potential.


Message History

The orc warrior is severely wounded.
The orc warrior closely misses you. The orc warrior misses you.
You hit the orc warrior but do no damage.
Your kick misses the orc warrior.
The orc warrior is severely wounded.
The orc warrior closely misses you.
You barely miss the orc warrior. You kick the orc warrior.
The orc warrior is severely wounded.
The orc warrior barely misses you.
You hit the orc warrior but do no damage.
The orc warrior is severely wounded.
The orc warrior hits you with a +0 scimitar!
* * * LOW HITPOINT WARNING * * *
Unknown command.
Throw: 2 throwing nets
Press: ? - help, Q - select action, (/) - cycle Shift-Dir - straight line, f - orc warrior
Aim: an orc warrior, wielding a +0 scimitar and wearing a +0 plate armour (severely wounded, 62% to hit)
You throw a throwing net. The throwing net hits the orc warrior.
The orc warrior is caught in the net!
The orc warrior is severely wounded.
The orc warrior struggles against the net.
You hit the orc warrior but do no damage.
Your tail-slap misses the orc warrior.
The orc warrior is severely wounded.
The orc warrior struggles against the net.
You hit the orc warrior but do no damage.
The orc warrior is severely wounded.
The orc warrior struggles against the net.
You hit the orc warrior.
The orc warrior is severely wounded.
The orc warrior struggles against the net.
The net rips apart, and the orc warrior comes free!
Okay, then.
You hit the orc warrior but do no damage.
The orc warrior is severely wounded.
The orc warrior barely misses you.
You closely miss the orc warrior.
The orc warrior is severely wounded.
The orc warrior hits you with a +0 scimitar!
You die...

..##..#########.###.# #####.##.#
(...............# #.# #.....##..
.###..########..###.# #.########
.###.....#..........# #.# #
.......#.#.###..#.#.# #.# #
......##.#.###.....^# #.########
...)..##.#.##.......####.........
...)..##.................########
.~~†..~##..##.#o@...####.# #
~..~..~~#..##.##.........# #
~..~..~~#......##.#.###### #
⌠.~...~~#..........># #
..~..~~~#.#.#..###### #
.~..~~~##...#.<# ####
.~..~.###.###..# #... ..~~..###.#
#..# #.## ......#<#.###..#
#####.##


You could see an orc warrior.

Vanquished Creatures
  Grinder (D:3)
  A hound (D:4)
  Natasha (thrice) (D:2)
  Robin (D:2)
  An adder (D:2)
  An ufetubus (D:4)
  A worm (D:3)
  An orc (D:3)
  8 endoplasms
  5 giant cockroaches
  12 goblins
  6 hobgoblins
  3 jackals (D:1)
  A quokka (D:1)
  5 ball pythons
  4 bats
  2 frilled lizards
  4 kobolds
  7 rats
67 creatures vanquished.

Notes
Turn   | Place    | Note
-------+----------+-------------------------------------------
     0 | D:1      | testman the Demonspawn Gladiator began the quest for the
                  | Orb.
     0 | D:1      | Reached XP level 1. HP: 16/16 MP: 1/1
   172 | D:1      | Gained mutation: You are partially covered in yellow
                  | scales. (AC +2) [demonic ancestry]
   172 | D:1      | Reached XP level 2. HP: 23/23 MP: 2/2
   407 | D:1      | Reached skill level 3 in Fighting
   875 | D:2      | Noticed Robin
   880 | D:2      | Reached XP level 3. HP: 27/29 MP: 3/3
   902 | D:2      | Killed Robin
  1151 | D:2      | Found a faded altar of an unknown god.
  1162 | D:2      | Prayed at the altar of an unknown god.
  1162 | D:2      | Became a worshipper of Ru the Awakened
  1264 | D:2      | Noticed Natasha
  1274 | D:2      | Killed Natasha
  1275 | D:2      | Reached skill level 4 in Fighting
  1275 | D:2      | Gained mutation: A meltable shield of frost defends you.
                  | (SH +4) [demonic ancestry]
  1275 | D:2      | Reached XP level 4. HP: 25/37 MP: 4/4
  1275 | D:2      | Gained mutation: You are missing a hand. [Ru sacrifice]
  1275 | D:2      | Reached * piety under Ru
  1275 | D:2      | Reached ** piety under Ru
  1452 | D:2      | Noticed Natasha
  1458 | D:2      | Killed Natasha
  1555 | D:2      | Noticed Natasha
  1568 | D:2      | Killed Natasha
  1569 | D:2      | Reached XP level 5. HP: 13/43 MP: 5/5
  2339 | D:3      | Reached skill level 5 in Fighting
  2604 | D:3      | Noticed Grinder
  2621 | D:3      | Paralysed by Grinder for 3 turns
  2630 | D:3      | Killed Grinder
  2631 | D:3      | Reached skill level 6 in Fighting
  2631 | D:3      | Gained mutation: You have a small tail. [demonic ancestry]
  2631 | D:3      | Reached XP level 6. HP: 40/53 MP: 6/6
  2958 | D:4      | Noticed an orc warrior
  2990 | D:3      | Gained mutation: You have large cloven feet. [potion of
                  | mutation]
  2990 | D:3      | Gained mutation: Your body sometimes deteriorates upon
                  | taking damage. [potion of mutation]
  2990 | D:3      | Gained mutation: You have hidden genetic potential. [potion
                  | of mutation]
  2999 | D:3      | HP: 1/53 [orc warrior/+0 scimitar (14)]
  3005 | D:3      | Demolished by an orc warrior

Illustrated notes

Levels and vault maps discovered:
D:1:      dpeg_arrival_water_fire, layout_loops_ring
D:2:      layout_basic, chequers_ecumenical_altar_simple, uniq_natasha,
          uniq_robin
D:3:      cheibrodos_helix_gallery, layout_loops_ring, uniq_grinder
D:4:      layout_basic, serial_shops, nicolae_shop_advertising_works
          [nicolae_subvault_shop_adworks]

Skill      XL: |  1  2  3  4  5 |
---------------+----------------+-----
Polearms       | 3 |  3.0
Fighting       | 3 4 6 |  6.8
Dodging        | 3 |  3.0
Throwing       | |  1.7

Action                   |  1- 3 |  4- 6 || total
-------------------------+-------+-------++-------
Melee: Trident           |   124 |   120 ||   244
       Tailslap          |       |     4 ||     4
       Kick              |       |     2 ||     2
Throw: Dart              |       |     2 ||     2
       Throwing net      |       |     3 ||     3
       Javelin           |       |     1 ||     1
Invok: Sacrifice a Hand  |       |     1 ||     1
  Use: Potion            |       |     4 ||     4
 Stab: Sleeping          |     4 |       ||     4
       Distracted        |       |     1 ||     1
       Held in net/web   |       |     1 ||     1
Armor: Leather armour    |    38 |    24 ||    62
Dodge: Dodged            |    78 |    68 ||   146
Block: Other             |       |    17 ||    17

Table legend: (Time is in decaauts)
 A = Elapsed time spent in this place.
 B = Non-inter-level travel time spent in this place.
 C = Inter-level travel time spent in this place.
 D = Time resting spent in this place.
 E = Time spent auto-exploring this place.
 F = Levels seen in this place.
 G = Mean time per level.
                   A        B        C        D        E       F      G
               +--------+--------+--------+--------+--------+-----+--------+
         Total |   3056 |   2980 |     76 |      0 |   2433 |   4 |  764.0 |
       Dungeon |   3056 |   2980 |     76 |      0 |   2433 |   4 |  764.0 |
               +--------+--------+--------+--------+--------+-----+--------+

Top non-repeatable levels by time:
     D:2: 1533 daAuts
     D:1: 817 daAuts
     D:3: 656 daAuts
     D:4: 48 daAuts
